 Dungeon Crawl Stone Soup version 0.30-a0-137-gd8773701ce (webtiles) character file.

Game seed: 7077758559982407776

487 ytrimaz the Trooper (level 7, -6/63 HPs)
             Began as a Hill Orc Fighter on Sept 23, 2022.
             Mangled by Sigmund
             ... wielding a +1 scythe of protection
              (10 damage)
             ... on level 4 of the Dungeon.
             The game lasted 00:04:18 (3752 turns).

ytrimaz the Trooper (Hill Orc Fighter)              Turns: 3752, Time: 00:04:19

Health: -6/63      AC: 11    Str: 21    XL:     7   Next: 13%
Magic:  7/7        EV:  8    Int:  8    God:
Gold:   198        SH:  9    Dex: 10    Spells: 6/6 levels left

rFire   . . .      SeeInvis .    q - +1 war axe (freeze)
rCold   . . .      Faith    .    k - +0 kite shield
rNeg    + . .      Spirit   .    b - +0 scale mail
rPois   .          Reflect  .    r - +2 hat
rElec   .          Harm     .    x - +0 cloak
rCorr   .          Rampage  .    j - +0 pair of gloves
Will    .....                    (no boots)
Stlth   ..........               (no amulet)
HPRegen 0.20/turn                d - ring of positive energy
MPRegen 0.10/turn                (no ring)

@: mighty
A: no striking features
a: no special abilities


You were on level 4 of the Dungeon.
You visited 2 branches of the dungeon, and saw 5 of its levels.

You collected 198 gold pieces.


   Skills:
 + Level 6.2 Fighting
 + Level 6.0 Axes
 - Level 3.4 Armour
 + Level 5.6 Shields


You had 6 spell levels left.
You didn't know any spells.
Your spell library contained the following spells:

 Spells                   Type           Power      Damage    Failure   Level
 Summon Small Mammal      Summ           0%         N/A       97%         1
 Call Canine Familiar     Summ           0%         N/A       100%        3
 Summon Guardian Golem    Hex/Summ       0%         N/A       100%        3

Inventory:

Hand Weapons
 a - a +0 war axe
 q - a +1 war axe of freezing (weapon)
   (You took it off an orc on level 2 of the Dungeon)
 w - a +3 hand axe of electrocution
   (You took it off Terence on level 3 of the Dungeon)
Armour
 b - a +0 scale mail (worn)
 c - a +0 buckler
 j - a +0 pair of gloves (worn)
   (You found it on level 1 of the Dungeon)
 k - a +0 kite shield (worn)
   (You found it on level 1 of the Dungeon)
 r - a +2 hat (worn)
   (You found it on level 4 of the Dungeon)
 x - a +0 cloak (worn)
   (You found it on level 3 of the Dungeon)
Jewellery
 d - a ring of positive energy (left hand)
   (You found it on level 4 of the Dungeon)
 i - a ring of wizardry
   (You found it on level 1 of the Dungeon)
Wands
 e - a wand of digging (4)
   (You took it off Grinder on level 4 of the Dungeon)
 p - a wand of roots (12) (quivered)
   (You found it on level 2 of the Dungeon)
Scrolls
 f - a scroll of fear
 g - a scroll of enchant armour
 l - 3 scrolls of teleportation
 s - a scroll of noise
 t - a scroll of butterflies
Potions
 h - 5 potions of curing
 m - 2 potions of ambrosia
 n - a potion of attraction {unknown}
 u - a potion of flight {unknown}
 v - a potion of might

Dungeon Overview and Level Annotations

Branches:
Dungeon (4/15) Zot: 20293  Temple (1/1) D:4 Zot: 5861

Altars:
Ashenzari
Cheibriados
Elyvilon
Fedhas
Hepliaklqana
Kikubaaqudgha
Makhleb
Okawaru
Ru
Sif Muna
Trog
Uskayaw
Vehumet
Wu Jian
Xom
Yredelemnul
The Shining One

Annotations:
D:4 1 transporter, Dazliare's ghost, weakling NaDe; Sigmund

..........# #...#..###
##.##.########........
.......##.8.##>......
##.##.#......#......##
.#......8.>.8#.......#
#...#.#......#..#....#
##.##.#.#.8.##..#....#.###
#>................).......
#..##.#####.....@{.....###
#..##.# ####....##.#.#
#..##.# #..#.# .# #
#.###.# #..#.# .# #. #.#
#...#.# # #. #.# #.#.....
#. #.# ....#... ..
.#.#...#.# ## #####


There were no monsters in sight!


Message History

Your Axes skill increases to level 6! 😮 HP[-4]
You take 4 damage, and now have 43/63 hp.
Unknown command.
You barely miss Sigmund. You hit the hobgoblin.
You block the hobgoblin's attack. Sigmund hits you but does no damage.
You are too injured to fight recklessly!
Unknown command.
You closely miss Sigmund. You hit the hobgoblin.
Lightning courses through the hobgoblin!
You kill the hobgoblin!
You block Sigmund's attack.
You are too injured to fight recklessly!
You closely miss Sigmund. 😮 HP[+1] Unknown command.
You closely miss Sigmund. Sigmund barely misses you.
You are too injured to fight recklessly!
You closely miss Sigmund.
Sigmund hits you with a +1 scythe of protection. 😮 HP[-3]
You take 3 damage, and now have 41/63 hp.
Unknown command.
You closely miss Sigmund. Sigmund hits you but does no damage.
You hit Sigmund.
You block Sigmund's attack. 😮 HP[+1] Unknown command.
You closely miss Sigmund.
Unknown command.
You barely miss Sigmund. You block Sigmund's attack.
You closely miss Sigmund.
Sigmund casts a spell.
Sigmund flickers and vanishes!
Deactivating autopickup; reactivate with Ctrl-A.
Unknown command.
You closely miss something.
You hear some strange, mumbled words.
You are confused. 😮 HP[+1]
You bump into the rock wall.
Something hits you but does no damage.
Unknown command.
Your +3 hand axe of electrocution stops crackling.
Your +1 war axe of freezing glows with a cold blue light!
q - a +1 war axe of freezing (weapon)
Unknown command.
Something hits you but does no damage.
Unknown command.
Something hits you.
You see here a +0 dagger. 😮 HP[-3]
You take 3 damage, and now have 40/63 hp.
Unknown command.
Unknown command.
Something hits you!
You see here a +0 dagger. 😮 HP[-7]
You take 7 damage, and now have 33/63 hp.
Unknown command.
Something hits you.
* * * LOW HITPOINT WARNING * * *
You feel less confused. 😨 HP[-5]
You take 5 damage, and now have 28/63 hp.
Unknown command.
Something completely misses you. Something hits you.
* * * LOW HITPOINT WARNING * * *
😨 HP[-4]
You take 4 damage, and now have 24/63 hp.
Unknown command.
You closely miss something.
Something hits you but does no damage. 😨 HP[+1]
You hit something. You freeze something. You closely miss something.
Something hits you!
* * * LOW HITPOINT WARNING * * *
Unknown command. 😨 HP[-9]
You take 9 damage, and now have 16/63 hp.
You completely miss something. Something hits you.
* * * LOW HITPOINT WARNING * * *
😱 HP[-2]
You take 2 damage, and now have 14/63 hp.
You feel better. Something hits you.
* * * LOW HITPOINT WARNING * * *
😱 HP[+1]
You feel very mighty all of a sudden. Something completely misses you.
Unknown command.
You miss something. You closely miss something.
You hear some strange, mumbled words.
A magic dart appears from out of thin air!
The magic dart hits you!
* * * LOW HITPOINT WARNING * * *
Something hits you.
* * * LOW HITPOINT WARNING * * *
😱 HP[-12]
You take 12 damage, and now have 3/63 hp.
You miss something. Something hits you!
You die...

Skill      XL: |  1  2  3  4  5  6  7 |
---------------+----------------------+-----
Axes           | 3 5 6 |  6.0
Fighting       | 4 5 6 |  6.2
Shields        | 4 5 |  5.6
Armour         | |  3.4

Action                   |  1- 3 |  4- 6 |  7- 9 || total
-------------------------+-------+-------+-------++-------
Melee: War axe           |    93 |   136 |     7 ||   236
       Hand axe          |       |       |    23 ||    23
Evoke: Wand              |       |     3 |       ||     3
  Use: Scroll            |     3 |     2 |     2 ||     7
       Potion            |       |     2 |     2 ||     4
Armor: Scale mail        |    64 |    54 |    12 ||   130
       Skin              |       |    17 |       ||    17
Dodge: Dodged            |    40 |    61 |     8 ||   109
Block: Kite shield       |    36 |       |     9 ||    45
       Buckler           |       |    30 |       ||    30

Levels and vault maps discovered:
D:1:      dpeg_arrival_connections, layout_basic, minmay_octomino_j4
D:2:      layout_loops_ring, ebering_ecumenical_altar_rust
D:3:      layout_basic, mainiacjoe_overflow_surrounded_room, uniq_terence
D:4:      layout_loops_ring, minmay_temple_entry_statues_pillars,
          gammafunk_ghost_stat_death, hangedman_decor_growths,
          minmay_fire_ice_demons, uniq_crazy_yiuf_cottage, uniq_sigmund,
          uniq_grinder
Temple:   lightli_temple_of_artemis

Notes
Turn   | Place    | Note
-------+----------+-------------------------------------------
     0 | D:1      | ytrimaz the Hill Orc Fighter began the quest for the Orb.
     0 | D:1      | Reached XP level 1. HP: 19/19 MP: 1/1
     0 | D:1      | magus.rc [v1.9.6]
   225 | D:1      | Reached skill level 3 in Axes
   225 | D:1      | Reached XP level 2. HP: 27/27 MP: 2/2
   433 | D:1      | Reached skill level 4 in Fighting
   659 | D:1      | Reached XP level 3. HP: 33/33 MP: 3/3
  1117 | D:2      | Reached skill level 4 in Shields
  1117 | D:2      | Reached XP level 4. HP: 19/41 MP: 4/4
  1349 | D:2      | You pick up a book of Callings and begin reading...
  1349 | D:2      | You add the spells Summon Small Mammal, Call Canine
                  | Familiar and Summon Guardian Golem to your library.
  1471 | D:2      | Found a faded altar of an unknown god.
  1631 | D:2      | Reached skill level 4 in Axes
  1704 | D:2      | You fall into a shaft and drop 2 floors!
  1787 | D:4      | Noticed Dazliare's ghost (weakling NaDe)
  2017 | D:4      | Found a transporter.
  2100 | D:4      | Noticed Grinder
  2110 | D:4      | Paralysed by Grinder for 3 turns
  2115 | D:4      | Paralysed by Grinder for 3 turns
  2123 | D:4      | Paralysed by Grinder for 4 turns
  2137 | D:4      | Killed Grinder
  2138 | D:4      | Reached skill level 5 in Fighting
  2138 | D:4      | Reached skill level 5 in Axes
  2138 | D:4      | Reached skill level 5 in Shields
  2138 | D:4      | Reached XP level 5. HP: 49/49 MP: 5/5
  2138 | D:4      | Reached XP level 6. HP: 56/56 MP: 6/6
  2318 | D:4      | Found a staircase to the Ecumenical Temple.
  2348 | Temple   | Entered the Ecumenical Temple
  2808 | D:3      | Found a hazy altar of Hepliaklqana.
  2831 | D:3      | Reached skill level 6 in Fighting
  2946 | D:3      | Noticed Terence
  2952 | D:3      | HP: 13/57 [constriction (3)]
  2953 | D:3      | Killed Terence
  2954 | D:3      | Reached XP level 7. HP: 14/63 MP: 7/7
  3714 | D:4      | Noticed Sigmund
  3724 | D:4      | Reached skill level 6 in Axes
  3747 | D:4      | HP: 14/63 [something (2)]
  3751 | D:4      | HP: 3/63 [something (4)]
  3752 | D:4      | Mangled by Sigmund

Vanquished Creatures
  Grinder (D:4)
  A hound (D:4)
  A gnoll bouda (D:4)
  Terence (D:3)
  An orc wizard (D:4)
  3 gnolls (D:4)
  6 adders
  A white imp (D:4)
  An ufetubus (D:4)
  A worm (D:2)
  4 dart slugs
  7 orcs
  7 ball pythons
  2 endoplasms
  2 giant cockroaches (D:1)
  7 goblins
  6 hobgoblins
  6 quokkas
  7 bats
  2 frilled lizards
  7 kobolds
  2 rats
76 creatures vanquished.

Vanquished Creatures (collateral kills)
  A hobgoblin (D:4)
1 creature vanquished.

Grand Total: 77 creatures vanquished

Table legend:
 A = Non-vault XP
 B = Vault XP
 C = Vault XP percentage of total XP
 D = Non-vault monster count
 E = Vault monster count
 F = Vault count percentage of total count
                 A         B        C        D         E       F
            +---------+---------+-------+---------+---------+-------
      Total |     364 |     332 |  47.7 |      72 |       5 |   6.5
            +---------+---------+-------+---------+---------+-------
        D:1 |      36 |       4 |  10.0 |      20 |       2 |   9.1
        D:2 |      83 |       0 |   0.0 |      23 |       0 |   0.0
        D:3 |      49 |      36 |  42.4 |      15 |       1 |   6.2
        D:4 |     196 |     292 |  59.8 |      14 |       2 |  12.5
            +---------+---------+-------+---------+---------+-------

Illustrated notes

Table legend:
 A = Kills in this place as a percentage of kills in entire the game.
 B = Kills by you in this place as a percentage of kills by you in the entire game.
 C = Kills by friends in this place as a percentage of kills by friends in the entire game.
 D = Other kills in this place as a percentage of other kills in the entire game.
 E = Experience gained in this place as a percentage of experience gained in the entire game.
 F = Experience gained in this place divided by the number of levels of this place that you have seen.
                   A       B       C       D       E      F
               +-------+-------+-------+-------+-------+----------------------
         Total | 100.0 | 100.0 | 100.0 |   N/A | 100.0 | 139.2
       Dungeon | 100.0 | 100.0 | 100.0 |   N/A | 100.0 | 174.0
               +-------+-------+-------+-------+-------+----------------------

Table legend: (Time is in decaauts)
 A = Elapsed time spent in this place.
 B = Non-inter-level travel time spent in this place.
 C = Inter-level travel time spent in this place.
 D = Time resting spent in this place.
 E = Time spent auto-exploring this place.
 F = Levels seen in this place.
 G = Mean time per level.
                   A        B        C        D        E       F      G
               +--------+--------+--------+--------+--------+-----+--------+
         Total |   3843 |   3741 |    102 |      0 |   2941 |   5 |  768.6 |
       Dungeon |   3704 |   3610 |     94 |      0 |   2830 |   4 |  926.0 |
        Temple |    138 |    130 |      8 |      0 |    111 |   1 |  138.0 |
               +--------+--------+--------+--------+--------+-----+--------+

Top non-repeatable levels by time:
     D:2: 1021 daAuts
     D:1: 952 daAuts
     D:3: 892 daAuts
     D:4: 839 daAuts
  Temple: 138 daAuts
